 Dungeon Crawl Stone Soup version 0.30-a0-937-ga0a21ad780 (webtiles) character file.

Game seed: 15496611220267437606

212 Coron the Chopper (level 6, -1/52 HPs)
             Began as a Meteoran Fighter on Mar 24, 2023.
             Was a Follower of Ru.
             Slain by a gnoll bouda
             ... wielding a +0 whip
              (3 damage)
             ... on level 4 of the Dungeon.
             The game lasted 00:07:53 (1144 turns).

Coron the Chopper (Meteoran Fighter)                Turns: 1144, Time: 00:07:54

Health: -1/52      AC:  7    Str: 20    XL:     6   Next: 37%
Magic:  7/7        EV:  9    Int: 10    God:    Ru [*.....]
Gold:   75         SH:  5    Dex: 13    Spells: 5/5 levels left

rFire   . . .      SeeInvis .    a - +0 war axe
rCold   . . .      Faith    .    c - +0 buckler
rNeg    . . .      Spirit   .    b - +0 scale mail
rPois   .          Reflect  .    (no helmet)
rElec   .          Rampage  .    (no cloak)
rCorr   .                        (no gloves)
Will    .....                    (no boots) Stlth
                                 (no amulet)
HPRegen 0.28/turn                (no ring)
MPRegen 0.10/turn                (no ring)

@: about to teleport, weakened, glowing, unable to drink
A: sense surroundings 1, inability to drink after injury 2, otherworldly,
glowing, explore regen
a: Renounce Religion


You were on level 4 of the Dungeon.
You worshipped Ru.
Ru was aware of your devotion.
You visited 1 branch of the dungeon, and saw 4 of its levels.

You collected 75 gold pieces.

Inventory:

Hand Weapons
 a - a +0 war axe (weapon)
 l - a +2 hand axe of draining
Armour
 b - a +0 scale mail (worn)
 c - a +0 buckler (worn)
 i - a +0 chain mail
Jewellery
 g - an amulet of magic regeneration
Wands
 h - a wand of quicksilver (10)
 k - a wand of charming (9)
 n - a wand of digging (5)
Scrolls
 f - a scroll of vulnerability {unknown}
 m - a scroll of torment {unknown}
Potions
 d - a potion of might
 j - a potion of haste
 o - 2 potions of berserk rage


   Skills:
 - Level 4.0 Fighting
 + Level 5.5 Axes
 - Level 5.0 Armour
 - Level 4.0 Shields


You had 5 spell levels left.
You didn't know any spells.
Your spell library contained the following spells:

 Spells                   Type           Power      Damage    Failure   Level
 Beastly Appendage        Tmut           0%         N/A       80%         1
 Lesser Beckoning         Tloc           0%         N/A       90%         2
 Wereblood                Tmut           0%         N/A       90%         2
 Gell's Gravitas          Tloc           0%         N/A       99%         3
 Portal Projectile        Hex/Tloc       0%         N/A       99%         3
 Spider Form              Tmut/Pois      0%         N/A       99%         3
 Teleport Other           Tloc           0%         N/A       99%         3
 Tukima's Dance           Hex            0%         N/A       99%         3
 Blade Hands              Tmut           0%         N/A       100%        5


Dungeon Overview and Level Annotations

Branches:
Dungeon (4/15) Zot: 1223
 Temple: D:4-7

Altars:
Hepliaklqana
Ru


Innate Abilities, Weirdness & Mutations

You passively map a small area around you.
You sometimes lose the ability to drink potions when taking damage.
You are easily found by Zot.
You glow in the dark.
You regain HP and MP as you explore.


Message History

You closely miss the gnoll bouda. You block the gnoll bouda's attack.
Aiming: Charm
Press: ? - help, Shift-Dir - straight line, f - gnoll bouda
Aim: a gnoll bouda, wielding a +0 whip and wearing a +0 leather armour (chance to affect: 49%)
The gnoll bouda is charmed.
There is an open door here.
You can drink potions again.
Things that are here:
a +0 club; a +0 leather armour
There is a huge open gate here.
You swap places.
The gnoll bouda is no longer charmed.
The gnoll bouda attacks as you move away!
The gnoll bouda hits you with a +0 whip!
You feel threatened and lose the ability to drink potions!
* * * LOW HITPOINT WARNING * * *
The gnoll bouda gazes fiercely through you!
You feel your attacks grow feeble.
The gnoll bouda attacks as you move away!
You block the gnoll bouda's attack.
You redirect the gnoll bouda's attack!
You hit the gnoll bouda but do no damage.
The gnoll bouda hits you with a +0 whip.
* * * LOW HITPOINT WARNING * * *
You block the gnoll bouda's attack.
You barely miss the gnoll bouda.
The gnoll bouda gazes fiercely through you!
You feel as though you will be weak longer.
The gnoll bouda hits you but does no damage.
You hit the gnoll bouda but do no damage.
The gnoll bouda hits you with a +0 whip!
* * * LOW HITPOINT WARNING * * *
You cannot drink potions in your current state!
As you read the scroll of teleportation, it crumbles to dust.
You feel strangely unstable. You block the gnoll bouda's attack.
The gnoll bouda gazes fiercely through you!
You feel as though you will be weak longer.
The gnoll bouda attacks as you move away!
The gnoll bouda hits you with a +0 whip.
You die...

* , ,o.......# , , ,.......o# ,
, #..g...)# **** *
############)# ~ ,* ,, ,
,,+....'..))...# ,
#....#...)...# , #..).#.......#,
* #############'')'######### ,
#........g@............... ~ *
#≈≈~~≈~~~~≈~~....~~~~~~~~~
≈≈≈≈≈~~≈≈≈≈≈≈≈≈≈....≈~≈≈≈≈≈≈≈
~~~≈~~~~~~~~~~~≈~....~~≈~≈~~≈≈
,P..............................
................)>†............
*.################..).........#.
* ,*#.†#########.# , , #..# *


You could see a gnoll bouda.

Vanquished Creatures
  A jelly (D:4)
  A gnoll bouda (D:4)
  2 orc priests
  5 gnolls (D:4)
  An adder (D:2)
  2 dart slugs (D:2)
  6 orcs
  A giant cockroach (D:2)
  A goblin (D:3)
  A hobgoblin (D:4)
  4 jackals (D:4)
  A quokka (D:3)
  3 ball pythons
  5 kobolds
  A rat (D:3)
35 creatures vanquished.

Notes
Turn   | Place    | Note
-------+----------+-------------------------------------------
     0 | D:1      | Coron the Meteoran Fighter began the quest for the Orb.
     0 | D:1      | Reached XP level 1. HP: 19/19 MP: 2/2
   167 | D:2      | Reached XP level 2. HP: 13/26 MP: 3/3
   203 | D:2      | Found a faded altar of an unknown god.
   212 | D:2      | Prayed at the altar of an unknown god.
   212 | D:2      | Became a worshipper of Ru the Awakened
   232 | D:2      | Gained mutation: You occasionally lose the ability to drink
                  | potions when taking damage. [Ru sacrifice]
   232 | D:2      | Gained mutation: You sometimes lose the ability to drink
                  | potions when taking damage. [Ru sacrifice]
   232 | D:2      | Reached * piety under Ru
   352 | D:2      | Reached XP level 3. HP: 30/31 MP: 4/4
   504 | D:3      | Reached XP level 4. HP: 37/40 MP: 5/5
   747 | D:3      | Found a hazy altar of Hepliaklqana.
   912 | D:4      | Reached XP level 5. HP: 19/46 MP: 6/6
  1048 | D:4      | Reached skill level 5 in Axes
  1084 | D:4      | Reached XP level 6. HP: 52/52 MP: 7/7
  1090 | D:4      | Noticed an ogre
  1095 | D:4      | Reached skill level 5 in Armour
  1141 | D:4      | HP: 1/52 [gnoll bouda/+0 whip (7)]
  1144 | D:4      | Slain by a gnoll bouda

Illustrated notes

Levels and vault maps discovered:
D:1:      ncdulo_watergridlock, layout_loops_ring
D:2:      layout_basic, hellmonk_ecumenical_altar_arch_garden,
          serial_bayou_pond_e, grunt_ministairs_4, kennysheep_cross_room
D:3:      layout_basic, mainiacjoe_overflow_alcove_4, led_xom_imps, uniq_terence
D:4:      lemuel_castle_with_subvaults [lemuel_castle_interior_carwin_3],
          layout_basic, nicolae_overflow_hidden_temple,
          pdpol_temple_overflow_zin_treasury_gozag_greed,
          minmay_manual_macuahuitl

Skill      XL: |  1  2  3  4  5  6 |
---------------+-------------------+-----
Shields        | 4 |  4.0
Armour         | 4 5 |  5.0
Axes           | 3 4 5 |  5.5
Fighting       | 4 |  4.0

Action                     |  1- 3 |  4- 6 || total
---------------------------+-------+-------++-------
  Melee: War axe           |    38 |    60 ||    98
 Invoke: Sacrifice Drink   |     1 |       ||     1
  Evoke: Wand              |       |     1 ||     1
    Use: Scroll            |       |     4 ||     4
 Armour: Scale mail        |    17 |    33 ||    50
  Dodge: Dodged            |    16 |    18 ||    34
  Block: Buckler           |     9 |    19 ||    28

Table legend: (Time is in decaauts)
 A = Elapsed time spent in this place.
 B = Non-inter-level travel time spent in this place.
 C = Inter-level travel time spent in this place.
 D = Time resting spent in this place.
 E = Time spent auto-exploring this place.
 F = Levels seen in this place.
 G = Mean time per level.
                   A        B        C        D        E       F      G
               +--------+--------+--------+--------+--------+-----+--------+
         Total |   1176 |   1124 |     52 |      0 |    284 |   4 |  294.0 |
       Dungeon |   1176 |   1124 |     52 |      0 |    284 |   4 |  294.0 |
               +--------+--------+--------+--------+--------+-----+--------+

Top non-repeatable levels by time:
     D:3: 490 daAuts
     D:2: 359 daAuts
     D:4: 270 daAuts
     D:1: 56 daAuts
